 Dungeon Crawl Stone Soup version 0.29-a0-275-g389c0b56f3 (webtiles) character file.

Game seed: 2611891929867026463

447 epen the Chiller (level 7, -3/62 HPs)
             Began as a Naga Ice Elementalist on Mar 11, 2022.
             Was an Initiate of Makhleb.
             Slain by an orc priest
             ... wielding a +0 club
              (5 damage)
             ... on level 4 of the Dungeon.
             The game lasted 00:08:24 (5805 turns).

epen the Chiller (Naga Ice Elementalist)            Turns: 5805, Time: 00:08:25

Health: -3/62      AC:  7    Str: 10    XL:     7   Next: 3%
Magic:  9/12       EV:  8    Int: 17    God:    Makhleb [......]
Gold:   375        SH:  0    Dex: 12    Spells: 6/13 levels left

rFire   . . .      SeeInvis +   h - +2 short sword (venom)
rCold   . . .      Faith    .   (no shield)
rNeg    . . .      Spirit   .   a - +0 robe
rPois   +          Reflect  .   (no helmet)
rElec   .          Harm     .   (no cloak)
rCorr   .          Rampage  .   (no gloves)
Will    .....                   r - +0 barding
Stlth   ++........              (no amulet)
HPRegen 0.20/turn               (no ring)
MPRegen 0.13/turn               (no ring)

@: brilliant, freezing walls, hasted, quick
A: AC +2, large, see invisible, deformed body, poison resistance, slowness 2,
spit poison 1, naga tail 1
a: Spit Poison, Renounce Religion


You were on level 4 of the Dungeon.
You worshipped Makhleb.
Makhleb was noncommittal.
You visited 2 branches of the dungeon, and saw 5 of its levels.

You collected 375 gold pieces.

Inventory:

Hand Weapons
 f - a +0 dagger
 h - a +2 short sword of venom (weapon)
 t - a +1 short sword of electrocution
Armour
 a - a +0 robe (worn)
 r - a +0 barding (worn)
Wands
 k - a wand of paralysis (5)
 s - a wand of flame (4)
Scrolls
 c - 2 scrolls of summoning {unknown}
 d - a scroll of torment {unknown}
 e - 2 scrolls of identify {unknown}
 i - a scroll of holy word {unknown}
 j - 2 scrolls of immolation {unknown}
 l - 3 scrolls of teleportation {unknown}
 o - a scroll of magic mapping {unknown}
 p - a scroll of blinking {unknown}
 u - a scroll of fog {unknown}
 x - 3 scrolls of fear {unknown}
Potions
 b - a potion of magic
 g - 3 potions of curing
 n - a potion of haste
 q - a potion of invisibility {unknown}
 v - a potion of flight {unknown}
 w - a potion of heal wounds {unknown}


   Skills:
 + Level 3.3 Fighting
 + Level 3.2 Dodging
 - Level 3.0 Stealth
 + Level 3.6 Spellcasting
 + Level 5.3 Ice Magic
 + Level 0.2 Invocations


You had 6 spell levels left.
You knew the following spells:

 Your Spells              Type           Power      Damage    Failure   Level
a - Freeze                Ice            100%       1d11      1%          1
b - Frozen Ramparts       Ice            62%        1d8       5%          3
c - Ozocubu's Armour      Ice            31%        N/A       5%          3

Your spell library contained the following spells:

 Spells                   Type           Power      Damage    Failure   Level
 Animate Skeleton         Necr           8%         N/A       16%         1
 Apportation              Tloc           8%         N/A       16%         1
 Summon Small Mammal      Summ           16%        N/A       16%         1
 Gell's Gravitas          Tloc           4%         N/A       43%         3
 Lesser Beckoning         Tloc           4%         N/A       43%         3
 Teleport Other           Tloc           4%         N/A       43%         3
 Hailstorm                Conj/Ice       18%        3d6       50%         4


Dungeon Overview and Level Annotations

Branches:
Dungeon (4/15)             Temple (1/1) D:4

Altars:
Ashenzari
Dithmenos
Elyvilon
Gozag
Hepliaklqana
Kikubaaqudgha
Makhleb
Okawaru
Uskayaw
Vehumet
Wu Jian
Xom
Zin
The Shining One
Beogh

Shops:
D:2 =   D:4 =


Innate Abilities, Weirdness & Mutations

Your serpentine skin is tough. (AC +2)
You have supernaturally acute eyesight. (SInv)
Armour fits poorly on your strangely shaped body.
Your system is resistant to poisons. (rPois)
You cover ground very slowly.
You can spit poison.
You have a snake-like lower body.


Message History

You are too injured to fight recklessly!
You are too injured to fight recklessly!
You are too injured to fight recklessly!
You are too injured to fight recklessly!
Casting: Frozen Ramparts (dangerous; 5% risk of failure)
Confirm with . or Enter, or press ? or * to list all spells.
Casting: Frozen Ramparts (dangerous; 5% risk of failure)
Press: ? - help, Dir - look around, f - activate The walls around you are covered in ice.
The wall freezes the orc warrior.
The orc warrior hits you with a +0 dire flail!
* * * LOW HITPOINT WARNING * * *
The wall freezes the orc.
The black bear bites you.
* * * LOW HITPOINT WARNING * * *
The black bear claws you but does no damage.
The black bear claws you.
* * * LOW HITPOINT WARNING * * *
The orc hits you but does no damage.
It was a potion of haste.
You feel yourself speed up.
The wall freezes the orc warrior.
The orc warrior hits you with a +0 dire flail!
* * * LOW HITPOINT WARNING * * *
The wall freezes the orc.
The black bear barely misses you. x2
The black bear closely misses you. The orc hits you but does no damage.
You feel better.
Okay, then.
It was a potion of brilliance.
You feel clever all of a sudden.
The wall freezes the orc warrior.
The orc warrior hits you with a +0 dire flail.
* * * LOW HITPOINT WARNING * * *
The wall freezes the orc.
You kill the orc!
Makhleb accepts your kill.
The black bear bites you but does no damage.
The black bear claws you.
* * * LOW HITPOINT WARNING * * *
The black bear claws you but does no damage.
The orc priest hits you with a +0 club.
You die...

###.....##
##..##..⌠.⌠.
#....##
#..##.8.8.8
##...##
##....##### ..#
#....# #..###
....#....# ####
........##
.........#
........)#######.
.....#...@o)....>
.....##.oho..#..#
..............#
............###
....(..##....
...## ###..# ...
#.. .. ..# ##.#


You could see an orc warrior, a black bear (poisoned), an orc priest and an orc.

Vanquished Creatures
  A jelly (D:4)
  2 orc priests (D:3)
  An iguana (D:3)
  Terence (D:2)
  3 adders
  10 gnolls (D:3)
  An ufetubus (D:4)
  3 worms (D:3)
  5 orcs
  7 endoplasms
  4 giant cockroaches
  31 goblins
  40 hobgoblins
  7 jackals
  A quokka (D:4)
  7 ball pythons
  3 bats
  11 frilled lizards
  6 kobolds
  7 rats
151 creatures vanquished.

Vanquished Creatures (others)
  3 demonic plants (D:1)
  5 fungi (D:1)
  A plant (D:1)
9 creatures vanquished.

Grand Total: 160 creatures vanquished

Notes
Turn   | Place    | Note
-------+----------+-------------------------------------------
     0 | D:1      | epen the Naga Ice Elementalist began the quest for the Orb.
     0 | D:1      | Reached XP level 1. HP: 15/15 MP: 3/3
   368 | D:1      | Reached XP level 2. HP: 24/24 MP: 1/5
   508 | D:1      | Found a faded altar of an unknown god.
   891 | D:1      | Reached skill level 1 in Fighting
  1208 | D:1      | Reached XP level 3. HP: 30/31 MP: 6/6
  1212 | D:1      | Learned a level 3 spell: Frozen Ramparts
  1945 | D:2      | Noticed Terence
  1957 | D:2      | Killed Terence
  1958 | D:2      | Reached XP level 4. HP: 18/39 MP: 3/7
  2237 | D:2      | Found Tecad's Jewellery Emporium.
  3185 | D:3      | Reached XP level 5. HP: 40/45 MP: 5/9
  3374 | D:3      | Learned a level 3 spell: Ozocubu's Armour
  3920 | D:3      | Reached XP level 6. HP: 42/55 MP: 6/10
  4240 | D:3      | Reached skill level 5 in Ice Magic
  5168 | D:4      | Found an iron altar of Okawaru.
  5230 | D:4      | Reached XP level 7. HP: 37/62 MP: 8/12
  5356 | D:4      | Found a staircase to the Ecumenical Temple.
  5366 | Temple   | Entered the Ecumenical Temple
  5423 | Temple   | Became a worshipper of Makhleb the Destroyer
  5690 | D:4      | Found Umur's Jewellery Shoppe.
  5803 | D:4      | HP: 1/62 [orc warrior/+0 dire flail (12)]
  5805 | D:4      | Slain by an orc priest

Illustrated notes

Levels and vault maps discovered:
D:1:      mrwooster_arrival_statue_3, layout_loops_ring,
          shapermc_ecumenical_altar_gd
D:2:      minmay_angry_zag, layout_basic, serial_shops, shop,
          kennysheep_pointless_box, uniq_terence
D:3:      minmay_goblin_kobold_castle, layout_basic, nrook_campfire,
          kennysheep_orc_chapel
D:4:      layout_layer_cave, kennysheep_okawaru_gauntlet,
          minmay_temple_entry_large_hall, serial_shops,
          nicolae_shop_temple_entry_statues_fountains
Temple:   cyrus_circular_temple

Skill      XL: |  1  2  3  4  5  6 |
---------------+-------------------+-----
Fighting       | 1 2 3 |  3.3
Dodging        | 2 3 |  3.2
Spellcasting   | 3 |  3.6
Ice Magic      | 5 |  5.3
Stealth        | |  3.0
Invocations    | |  0.2

Action                   |  1- 3 |  4- 6 |  7- 9 || total
-------------------------+-------+-------+-------++-------
Melee: Unarmed           |    11 |       |       ||    11
       Dagger            |     7 |       |       ||     7
       Short sword       |    29 |   174 |    25 ||   228
       Punch             |       |     2 |       ||     2
 Cast: Freeze            |    28 |     6 |       ||    34
       Frozen Ramparts   |     1 |    15 |     2 ||    18
       Ozocubu's Armour  |       |     1 |       ||     1
 Abil: Spit Poison       |     2 |       |       ||     2
  Use: Potion            |       |       |     3 ||     3
 Stab: Sleeping          |     1 |     2 |     3 ||     6
Armor: Robe              |     4 |   100 |    16 ||   120
Dodge: Dodged            |    29 |   133 |    18 ||   180

Table legend: (Time is in decaauts)
 A = Elapsed time spent in this place.
 B = Non-inter-level travel time spent in this place.
 C = Inter-level travel time spent in this place.
 D = Time resting spent in this place.
 E = Time spent auto-exploring this place.
 F = Levels seen in this place.
 G = Mean time per level.
                   A        B        C        D        E       F      G
               +--------+--------+--------+--------+--------+-----+--------+
         Total |   6909 |   6752 |    157 |    720 |   4921 |   5 | 1381.8 |
       Dungeon |   6808 |   6670 |    138 |    720 |   4874 |   4 | 1702.0 |
        Temple |    100 |     81 |     19 |      0 |     47 |   1 |  100.0 |
               +--------+--------+--------+--------+--------+-----+--------+

Top non-repeatable levels by time:
     D:3: 2351 daAuts
     D:2: 1984 daAuts
     D:1: 1720 daAuts
     D:4: 751 daAuts
  Temple: 100 daAuts
